 Dungeon Crawl Stone Soup version 0.29.1-15-g9cfb28693d (webtiles) character file.

Game seed: 10776428436116793576

13335 growler the Devastator (level 12, -1/76 HPs)
             Began as a Tengu Conjurer on Mar 14, 2023.
             Was a Priest of Vehumet.
             Slain by a blink frog (12 damage)
             ... on level 1 of the Lair of Beasts.
             The game lasted 00:44:02 (14898 turns).

growler the Devastator (Tengu Conjurer)            Turns: 14898, Time: 00:44:03

Health: -1/76      AC:  2    Str:  7    XL:     12   Next: 4%
Magic:  9/32       EV: 14    Int: 22    God:    Vehumet [***...]
Gold:   562        SH:  0    Dex: 15    Spells: 3/25 levels left

rFire   . . .      SeeInvis +   B - +1 whip (elec)
rCold   . . .      Faith    .   (no shield)
rNeg    . . .      Spirit   .   M - +0 robe {Archmagi}
rPois   .          Reflect  .   (helmet restricted)
rElec   .          Harm     .   (no cloak)
rCorr   .          Rampage  .   (no gloves)
Will    .....      Archmagi +   (boots unavailable)
Stlth   ++........              s - amulet of the acrobat
HPRegen 0.22/turn               h - ring of see invisible
MPRegen 0.23/turn               Q - ring of magical power

@: flying quickly and evasively, studying Necromancy, quick
A: beak, talons 3, nimble flight
a: Renounce Religion


You were on level 1 of the Lair of Beasts.
You worshipped Vehumet.
Vehumet was most pleased with you.
You visited 3 branches of the dungeon, and saw 13 of its levels.

You collected 802 gold pieces.
You spent 240 gold pieces at shops.

Inventory:

Hand Weapons
 B - a +1 whip of electrocution (weapon)
Missiles
 q - 44 poisoned darts
 P - a throwing net
Armour
 a - a +0 robe
 n - an orb of energy
 F - a +2 robe of resistance
 M - a +0 robe of the Archmagi (worn)
Jewellery
 h - a ring of see invisible (left hand)
 s - an amulet of the acrobat (around neck)
 t - an amulet of guardian spirit
 x - a +6 ring of strength
 z - a +6 ring of strength
 D - a +4 ring of evasion
 J - a ring of positive energy
 L - a ring of willpower
 Q - a ring of magical power (right hand)
 S - a +4 ring of slaying
 T - a ring of protection from fire
Wands
 G - a wand of iceblast (28)
 H - a wand of paralysis (17)
 I - a wand of mindburst (24)
 N - a wand of polymorph (4)
 R - a wand of flame (9)
Scrolls
 d - 8 scrolls of blinking {unknown}
 e - 14 scrolls of identify {unknown}
 f - 4 scrolls of enchant armour {unknown}
 g - 4 scrolls of noise {unknown}
 l - 3 scrolls of amnesia {unknown}
 m - 8 scrolls of teleportation
 u - 2 scrolls of fear {unknown}
 v - a scroll of brand weapon {unknown}
 y - 2 scrolls of vulnerability {unknown}
 A - 2 scrolls of magic mapping {unknown}
 E - 2 scrolls of enchant weapon {unknown}
 O - a scroll of immolation {unknown}
Potions
 b - a potion of magic
 c - 4 potions of curing
 i - 2 potions of lignification {unknown}
 j - 5 potions of brilliance
 k - 3 potions of heal wounds {unknown}
 o - 2 potions of attraction {unknown}
 p - 2 potions of flight {unknown}
 r - a potion of resistance {unknown}
 w - 2 potions of haste {unknown}
 C - a potion of cancellation {unknown}
 K - a potion of might {unknown}


   Skills:
 + Level 9.4 Fighting
 - Level 2.1 Dodging
 - Level 2.0 Stealth
 + Level 7.1 Spellcasting
 + Level 15.3 Conjurations
 - Level 5.0 Hexes
 + Level 7.5 Fire Magic


You had 3 spell levels left.
You knew the following spells:

 Your Spells              Type           Power      Damage    Failure   Level
a - Magic Dart            Conj           100%       1d8       0%          1
b - Searing Ray           Conj           100%       2d8       0%          2
c - Dazzling Flash        Conj/Hex       100%       N/A       1%          3
d - Fulminant Prism       Conj/Hex       34%        3d16      1%          4
e - Iskenderun's Mystic   Conj/Tloc      58%        2d12      1%          4
f - Starburst             Conj/Fire      36%        6d11      3%          6
g - Scorch                Fire           100%       2d10      1%          2

Your spell library contained the following spells:

 Spells                   Type           Power      Damage    Failure   Level
 Ignite Poison            Fire/Tmut/Pois 28%        N/A       2%          3
 Confusing Touch          Hex            44%        N/A       3%          3
 Apportation              Tloc           22%        N/A       9%          1
 Necrotise                Necr           44%        1d6       9%          1
 Summon Small Mammal      Summ           44%        N/A       9%          1
 Ozocubu's Armour         Ice            11%        N/A       24%         3
 Yara's Violent Unravell  Hex/Tmut       14%        3d7       21%         5
 Alistair's Intoxication  Tmut/Pois      7%         N/A       92%         5
 Borgnjor's Vile Clutch   Necr/Erth      5%         N/A       92%         5
 Eringya's Noxious Bog    Tmut/Pois      5%         N/A       95%         6
 Enfeeble                 Hex            22%        N/A       100%        7
 Ozocubu's Refrigeration  Ice            5%         4d8       100%        7


Dungeon Overview and Level Annotations

Branches:
Dungeon (11/15)            Temple (1/1) D:4            Lair (1/5) D:10
    Orc: D:9-12

Altars:
Ashenzari
Cheibriados
Elyvilon
Fedhas
Gozag
Kikubaaqudgha
Makhleb
Nemelex Xobeh
Okawaru
Qazlal
Sif Muna
Trog
Uskayaw
Vehumet
Xom
Yredelemnul
Zin
The Shining One

Shops:
D:4 (   D:9 *   D:10 =


Innate Abilities, Weirdness & Mutations

You have a beak for a mouth.
You have claws for feet.
Your magical nature lets you fly swiftly and evasively.


Message History

Vehumet accepts your kill.
You feel your power returning. The blink frog closely misses you.
You have reached level 12!
You feel agile.
Casting: Starburst (dangerous; 3% risk of failure)
Confirm with . or Enter, or press ? or * to list all spells.
Aiming: Searing Ray (safe; 0% risk of failure)
Press: ? - help, Shift-Dir - straight line, f - blink frog
Aim: a blink frog (70% to hit)
You feel a surge of power!
The searing ray misses the blink frog. (Press . to maintain the ray.)
The blink frog hits you!
* * * LOW HITPOINT WARNING * * *
The blink frog closely misses you.
You feel better. The blink frog hits you!
* * * LOW HITPOINT WARNING * * *
Unknown command.
You feel better. The blink frog misses you. The blink frog barely misses you.
The blink frog blinks! x2
Okay, then.
Casting: Searing Ray (safe; 0% risk of failure)
Confirm with . or Enter, or press ? or * to list all spells.
Casting: Starburst (dangerous; 3% risk of failure)
Press: ? - help, Dir - look around, f - activate You feel a surge of power!
The bolt of fire misses the blink frog.
Casting: Starburst (dangerous; 3% risk of failure)
Confirm with . or Enter, or press ? or * to list all spells.
Casting: Starburst (dangerous; 3% risk of failure)
Press: ? - help, Dir - look around, f - activate You feel a surge of power!
The bolt of fire misses the blink frog. x2
Casting: Starburst (dangerous; 3% risk of failure)
Confirm with . or Enter, or press ? or * to list all spells.
Casting: Starburst (dangerous; 3% risk of failure)
Press: ? - help, Dir - look around, f - activate You feel a surge of power!
The bolt of fire hits the blink frog!
The blink frog is heavily wounded.
The bolt of fire hits the blink frog!!
The blink frog is almost dead.
The blink frog hits you!
You die...

.....P.....
....[.....
..†.......
##÷........
#..........
###.÷..†....
#P..F÷P.#
##...@.#
#..!.F.##
#.#.P..>###
. #
###.....##..
###
##........
##.##
#..÷.....
#...#
##.÷###...
#...# ##...#
##.
#...###...##


You could see 2 blink frogs.

Vanquished Creatures
  A centaur warrior (D:9)
  A boulder beetle (D:11)
  2 two-headed ogres
  Nergalle (D:10)
  Pikel (D:5)
  A cyclops (D:11)
  Maggie (D:6)
  A black mamba (Lair:1)
  An unseen horror (D:11)
  A cane toad (Lair:1)
  Psyche (D:9)
  A troll (D:11)
  2 hornets
  A dream sheep (shapeshifter) (D:11)
  3 blink frogs (Lair:1)
  12 yaks
  Grum (D:9)
  Menkaure (D:5)
  7 water moccasins
  2 ice beasts
  3 orc warriors
  A black bear (D:5)
  5 wolves
  2 ogres
  7 centaurs
  3 kobold brigands
  5 bullfrogs
  A necrophage (D:5)
  A scorpion (D:5)
  13 killer bees
  2 howler monkeys
  4 hounds
  2 jellies
  A gnoll bouda (D:8)
  10 orc priests
  4 iguanas
  Natasha (twice) (D:2)
  12 orc wizards
  Robin (D:3)
  6 gnolls
  11 adders
  A shadow imp (D:8)
  4 white imps
  An ufetubus (D:6)
  5 dart slugs
  32 orcs
  8 bats
  13 endoplasms
  4 giant cockroaches
  10 hobgoblins
  23 kobolds
  4 quokkas
  6 ball pythons
  10 frilled lizards
  8 goblins
  7 rats
274 creatures vanquished.

Vanquished Creatures (others)
  71 fulminant prisms
  9 fungi (Lair:1)
  5 plants
85 creatures vanquished.

Grand Total: 359 creatures vanquished

Notes
Turn   | Place    | Note
-------+----------+-------------------------------------------
     0 | D:1      | growler the Tengu Conjurer began the quest for the Orb.
     0 | D:1      | Reached XP level 1. HP: 10/10 MP: 4/4
   128 | D:1      | Found a faded altar of an unknown god.
   146 | D:1      | Reached XP level 2. HP: 15/15 MP: 4/6
   702 | D:1      | Reached XP level 3. HP: 19/19 MP: 3/7
   725 | D:1      | Reached skill level 6 in Conjurations
  1009 | D:1      | Learned a level 2 spell: Searing Ray
  1013 | D:1      | Learned a level 3 spell: Dazzling Flash
  1103 | D:2      | Noticed Natasha
  1108 | D:2      | Killed Natasha
  1109 | D:2      | Reached XP level 4. HP: 14/24 MP: 4/9
  1377 | D:2      | Noticed Natasha
  1383 | D:2      | Killed Natasha
  1723 | D:2      | Gained mutation: Your magical nature lets you fly swiftly
                  | and evasively. [Tengu growth]
  1723 | D:2      | Reached XP level 5. HP: 28/28 MP: 9/11
  1728 | D:2      | Learned a level 4 spell: Fulminant Prism
  2255 | D:2      | Reached skill level 7 in Conjurations
  2811 | D:3      | Noticed Robin
  2817 | D:3      | Killed Robin
  3337 | D:3      | Reached XP level 6. HP: 13/32 MP: 3/13
  4057 | D:4      | Found an ancient bone altar of Kikubaaqudgha.
  4057 | D:4      | Found a sparkling altar of Nemelex Xobeh.
  4119 | D:4      | Found Orreypnu's Weapon Boutique.
  4267 | D:4      | Reached skill level 8 in Conjurations
  4994 | D:4      | Reached XP level 7. HP: 36/36 MP: 11/15
  5155 | D:4      | Reached skill level 5 in Spellcasting
  5201 | D:4      | Found a staircase to the Ecumenical Temple.
  5572 | Temple   | Entered the Ecumenical Temple
  5577 | Temple   | Became a worshipper of Vehumet
  5614 | D:5      | Entered Level 5 of the Dungeon
  5629 | D:5      | Reached skill level 9 in Conjurations
  5946 | D:5      | Noticed Pikel
  5952 | D:5      | Killed Pikel
  5953 | D:5      | Reached skill level 10 in Conjurations
  5953 | D:5      | Reached skill level 1 in Hexes
  5953 | D:5      | Reached XP level 8. HP: 35/44 MP: 2/17
  6093 | D:5      | Noticed Menkaure
  6097 | D:5      | Killed Menkaure
  6190 | D:5      | Learned a level 4 spell: Iskenderun's Mystic Blast
  6760 | D:5      | Found a stormy altar of Qazlal.
  6924 | D:6      | Reached skill level 11 in Conjurations
  6927 | D:6      | Reached XP level 9. HP: 41/51 MP: 2/19
  7173 | D:6      | Noticed Maggie
  7174 | D:6      | Reached * piety under Vehumet
  7174 | D:6      | Offered knowledge of Sandblast by Vehumet.
  7226 | D:6      | Killed Maggie
  7994 | D:7      | Found a burning altar of Makhleb.
  8901 | D:7      | Found a broken altar of Ashenzari.
  8983 | D:8      | Reached skill level 5 in Fighting
  8987 | D:8      | Reached skill level 12 in Conjurations
  9198 | D:8      | Reached XP level 10. HP: 32/59 MP: 2/21
  9478 | D:8      | Offered knowledge of Freeze by Vehumet.
  9482 | D:8      | Reached ** piety under Vehumet
 10004 | D:8      | Learned a level 6 spell: Starburst
 10575 | D:9      | Noticed Psyche
 10579 | D:9      | Killed Psyche
 10580 | D:9      | Reached skill level 1 in Fire Magic
 10591 | D:9      | Reached skill level 13 in Conjurations
 10731 | D:9      | Found a shimmering altar of Xom.
 10731 | D:9      | Found a shimmering altar of Xom.
 10734 | D:9      | Found a shimmering altar of Xom.
 10783 | D:9      | Found a shimmering altar of Xom.
 10794 | D:9      | Found a shimmering altar of Xom.
 10794 | D:9      | Found a shimmering altar of Xom.
 10795 | D:9      | Found a shimmering altar of Xom.
 10906 | D:9      | Noticed a centaur warrior
 10915 | D:9      | Reached skill level 5 in Hexes
 10917 | D:9      | Killed a centaur warrior
 10936 | D:9      | Offered knowledge of Scorch by Vehumet.
 10980 | D:9      | Noticed Grum
 10987 | D:9      | Killed Grum
 10988 | D:9      | Reached XP level 11. HP: 32/67 MP: 15/22
 11264 | D:9      | Found Enoyvuroeh's General Store.
 11276 | D:9      | Learned a level 2 spell: Scorch
 11517 | D:9      | Found an opulent altar of Gozag.
 11687 | D:10     | Entered Level 10 of the Dungeon
 11737 | D:10     | Found Kasisas's Jewellery Boutique.
 11745 | D:10     | Bought a ring of magical power for 240 gold pieces
 11801 | D:10     | Noticed a two-headed ogre
 11808 | D:10     | Killed a two-headed ogre
 11809 | D:10     | Reached skill level 14 in Conjurations
 12053 | D:10     | Found a staircase to the Lair.
 12284 | D:10     | Noticed Nergalle
 12293 | D:10     | Killed Nergalle
 12294 | D:10     | Reached skill level 5 in Fire Magic
 12807 | D:10     | Reached *** piety under Vehumet
 13386 | D:11     | Noticed a cyclops
 13388 | D:11     | Noticed a boulder beetle
 13427 | D:11     | Killed a cyclops
 13850 | D:11     | Killed a boulder beetle
 13976 | D:11     | Noticed a two-headed ogre
 13983 | D:11     | Killed a two-headed ogre
 13984 | D:11     | Reached skill level 15 in Conjurations
 14365 | Lair:1   | Entered Level 1 of the Lair of Beasts
 14547 | Lair:1   | Offered knowledge of Ignite Poison by Vehumet.
 14891 | Lair:1   | Reached XP level 12. HP: 18/76 MP: 23/23
 14891 | Lair:1   | HP: 2/76 [blink frog (16)]
 14898 | Lair:1   | Slain by a blink frog

Illustrated notes

Levels and vault maps discovered:
D:1:      nicolae_arrival_washed_ashore, layout_rooms,
          hellmonk_ecumenical_altar_zigzags, minmay_bisected
D:2:      minmay_thinvault, layout_rooms, kennysheep_donut,
          minmay_quadrilaterals, uniq_natasha
D:3:      layout_basic, uniq_robin
D:4:      minmay_angry_zag, layout_basic, gammafunk_temple_overflow_elements,
          minmay_temple_entry_mist, serial_shops, nicolae_diamond_shop,
          nicolae_figureground_pulse
D:5:      layout_loops_ring, lemuel_coloured_pillars_altar, uniq_pikel,
          uniq_menkaure
D:6:      layout_cave_pools, nicolae_ossuary_entry_ruins, uniq_maggie
D:7:      layout_rooms, lemuel_tele_altar, bloody_makhleb,
          nicolae_figureground_sparkle
D:8:      layout_cave_pools, minmay_manual_mandibuliform
D:9:      layout_basic, mainiacjoe_overflow_alcove_4, xom_redecorated,
          serial_shops, nicolae_shop_advertising_works
          [nicolae_subvault_shop_adworks], uniq_psyche, uniq_grum
D:10:     layout_gridville, dpeg_oklobed_lair, serial_shops,
          nicolae_shop_statue_plus, uniq_nergalle
D:11:     layout_cave_pods, hangedman_decor_growths
Temple:   hellmonk_temple_two_chambers
Lair:1:   layout_layer_cave, uniq_prince_ribbit2

Skill      XL: |  1  2  3  4  5  6  7  8  9 10 11 |
---------------+----------------------------------+-----
Conjurations   | 6 7 8 10 11 12 13 15 | 15.3
Spellcasting   | 3 4 5 6 7 |  7.1
Fighting       | 2 3 5 7 9 |  9.4
Hexes          | 1 2 4 5 |  5.0
Fire Magic     | 4 7 |  7.5
Dodging        | |  2.1
Stealth        | |  2.0

Action                   |  1- 3 |  4- 6 |  7- 9 | 10-12 || total
-------------------------+-------+-------+-------+-------++-------
Melee: Unarmed           |     4 |       |       |       ||     4
       Kick              |     1 |       |     1 |    13 ||    15
       Peck              |     1 |       |       |    12 ||    13
       Punch             |     1 |       |       |       ||     1
       Whip              |       |       |     4 |    31 ||    35
 Cast: Magic Dart        |    58 |   169 |   182 |   109 ||   518
       Searing Ray       |       |     4 |    10 |    22 ||    36
       Fulminant Prism   |       |     3 |    25 |    43 ||    71
       Starburst         |       |       |       |    21 ||    21
       Iskenderun's Myst |       |       |       |     1 ||     1
  Use: Potion            |       |       |     3 |     2 ||     5
       Scroll            |       |       |     2 |       ||     2
 Stab: Sleeping          |       |       |       |     1 ||     1
Armor: Robe              |       |     2 |     3 |     7 ||    12
Dodge: Dodged            |     7 |    25 |    75 |   119 ||   226
